 Dungeon Crawl Stone Soup version 0.28-a0-1199-gef9e1dbd39 (webtiles) character file.

Game seed: 8016246691944218734

18 ytrimaz the Insei (level 2, 21/21 HPs)
             Began as a Demonspawn Transmuter on Dec 19, 2021.
             Was a Believer of Lugonu.
             Quit the game on level 1 of the Dungeon.
             The game lasted 00:00:49 (1203 turns).

ytrimaz the Insei (Demonspawn Transmuter)           Turns: 1203, Time: 00:00:50

Health: 21/21      AC:  2    Str: 10    XL:     2   Next: 51%
Magic:  4/5        EV: 12    Int: 14    God:    Lugonu [**....]
Gold:   16         SH:  0    Dex: 13    Spells: 2/5 levels left

rFire   . . .      SeeInvis .     - Unarmed
rCold   . . .      Faith    .   (no shield)
rNeg    . . .      Spirit   .   a - +0 robe
rPois   .          Reflect  .   (no helmet)
rElec   .          Harm     .   (no cloak)
rCorr   .          Rampage  .   (no gloves)
Will    .....                   (no boots)
Stlth   +.........              (no amulet)
HPRegen 0.07/turn               (no ring)
MPRegen 0.09/turn               (no ring)

@: very slightly contaminated
A: ignite blood 1
a: Renounce Religion, Depart the Abyss, Bend Space


You were on level 1 of the Dungeon.
You worshipped Lugonu.
Lugonu was pleased with you.
You visited 1 branch of the dungeon, and saw 1 of its levels.

You collected 16 gold pieces.

Inventory:

Armour
 a - a +0 robe (worn)
Scrolls
 b - a scroll of identify {unknown}
 d - a scroll of holy word {unknown}
 g - a scroll of fog {unknown}
 h - a scroll of teleportation {unknown}
Potions
 c - a potion of magic {unknown}
 e - a potion of invisibility {unknown}
 f - 2 potions of heal wounds {unknown}


   Skills:
 * Level 1.3 Fighting
 + Level 2.0 Dodging
 + Level 3.0 Unarmed Combat
 + Level 2.1 Spellcasting
 + Level 2.0 Transmutations


You had 2 spell levels left.
You knew the following spells:

 Your Spells              Type           Power      Damage    Failure   Level
a - Beastly Appendage     Tmut           14%        N/A       11%         1
b - Wereblood             Tmut           7%         N/A       16%         2

Your spell library contained the following spells:

 Spells                   Type           Power      Damage    Failure   Level
 Spider Form              Tmut/Pois      4%         N/A       43%         3
 Ice Form                 Ice/Tmut       4%         N/A       83%         4


Dungeon Overview and Level Annotations

Branches:
Dungeon (1/15)

Altars:
Lugonu


Innate Abilities, Weirdness & Mutations

Your demonic aura sometimes causes spilled blood to erupt in flames.


Message History

The rat bites you.
You hit the rat.
You kill the rat!
You see here a rat corpse.
Your transformation is almost over.
Your horns disappear.
Your talons disappear.
As you open the door, it creaks loudly!
There is an open door here.
Found a ring mail.
There is an open door here.
There is a huge open gate here.
There is a huge open gate here.
There is a faded altar of an unknown god here.
You cannot tell which god this altar belongs to.
Convert to them anyway?
Lugonu accepts your prayer! Lugonu welcomes you!
You can now depart the Abyss.
You can now bend space around yourself.
There is a huge open gate here.
There is a huge open gate here.
There is a stone staircase leading down here.
There is an open door here.
h - a scroll labelled QUAGHU USHUUFE You open the door.
There is an open door here.
You see here a bat corpse.
There is an open door here.
You see here a rat corpse.
You see here a rat corpse.
There is an open door here.
There is an open door here.
Key pressed, stopping explore.
There is an open door here.
You open the door.
A goblin comes into view. It is wielding a +0 club.
You miscast Beastly Appendage.
You are very lightly contaminated with residual magic.
Nothing appears to happen.
The goblin shouts!
There is an open door here.
Are you sure you want to abandon this character and quit the game? (Confirm with "yes".)

####.### ##.....## ##....##
#......###.......## ##......#
#....#.##.........####...###.#
#.......'.........'......# #..
#......##.........####...###.#
#.#..#.###.......## ##......#
#......# ##.....## ####.###
####.### ##...## #.# #.# ##@##
#.# # #g# #.# #.# ###### #.#
... . ..# #.# ... #.#.# #.#
##...##.#.#####.#
#..#...........#
#...>#.#..###### #...#


You could see a goblin.

Vanquished Creatures
  2 dart slugs (D:1)
  An endoplasm (D:1)
  A giant cockroach (D:1)
  A goblin (D:1)
  A hobgoblin (D:1)
  2 jackals (D:1)
  A ball python (D:1)
  2 bats (D:1)
  3 rats (D:1)
14 creatures vanquished.

Notes
Turn   | Place    | Note
-------+----------+-------------------------------------------
     0 | D:1      | ytrimaz the Demonspawn Transmuter began the quest for the
                  | Orb.
     0 | D:1      | Reached XP level 1. HP: 15/15 MP: 3/3
   496 | D:1      | Gained mutation: Your demonic aura sometimes causes spilled
                  | blood to erupt in flames. [demonic ancestry]
   496 | D:1      | Reached XP level 2. HP: 20/21 MP: 3/5
   777 | D:1      | Reached skill level 3 in Unarmed Combat
   945 | D:1      | Found a faded altar of an unknown god.
   954 | D:1      | Learned a level 2 spell: Wereblood
  1013 | D:1      | Prayed at the altar of an unknown god.
  1013 | D:1      | Became a worshipper of Lugonu the Unformed
  1013 | D:1      | Reached * piety under Lugonu
  1013 | D:1      | Reached ** piety under Lugonu
  1203 | D:1      | Quit the game

Illustrated notes

Levels and vault maps discovered:
D:1:      dpeg_chamrin_arrival_tetris, layout_loops_corners,
          hellmonk_ecumenical_altar_heavens_door

Skill      XL: |  1  2 |
---------------+-------+-----
Unarmed Combat | 3 |  3.0
Transmutations | 2 |  2.0
Dodging        | 2 |  2.0
Fighting       | |  1.3
Spellcasting   | |  2.1

Action                   || total
-------------------------++-------
Melee: Unarmed           ||    44
       Kick              ||     9
       Headbutt          ||     4
 Cast: Beastly Appendage ||    12
Armor: Robe              ||    15
Dodge: Dodged            ||    37

Table legend: (Time is in decaauts)
 A = Elapsed time spent in this place.
 B = Non-inter-level travel time spent in this place.
 C = Inter-level travel time spent in this place.
 D = Time resting spent in this place.
 E = Time spent auto-exploring this place.
 F = Levels seen in this place.
 G = Mean time per level.
                   A        B        C        D        E       F      G
               +--------+--------+--------+--------+--------+-----+--------+
         Total |   1200 |   1200 |      0 |      0 |   1042 |   1 | 1200.0 |
       Dungeon |   1200 |   1200 |      0 |      0 |   1042 |   1 | 1200.0 |
               +--------+--------+--------+--------+--------+-----+--------+

Top non-repeatable levels by time:
     D:1: 1200 daAuts
